 Dungeon Crawl Stone Soup version 0.28.0 (webtiles) character file.

Game seed: 10984933415023641363

301 Akaron the Covert (level 6, 0/41 HPs)
             Began as an Octopode Brigand on Feb 13, 2022.
             Was an Initiate of Gozag.
             Slain by a black bear (5 damage)
             ... on level 4 of the Dungeon.
             The game lasted 00:06:16 (4045 turns).

Akaron the Covert (Octopode Brigand)                Turns: 4045, Time: 00:06:17

Health: 0/41       AC:  1    Str: 22    XL:     6   Next: 37%
Magic:  6/6        EV: 13    Int: 14    God:    Gozag
Gold:   201        SH:  0    Dex: 15    Spells: 5/5 levels left

rFire   . . .      SeeInvis .   m - +1 rapier (venom)
rCold   . . .      Faith    .   (no shield)
rNeg    . . .      Spirit   .   (helmet restricted)
rPois   .          Reflect  .   (no amulet)
rElec   .          Harm     .   i - +6 ring of strength
rCorr   .          Rampage  .   p - +6 ring of strength
Will    .....                   (no ring)
Stlth   +++++.....              (no ring)
HPRegen 0.13/turn               (no ring)
MPRegen 0.10/turn               (no ring)
                                (no ring)
                                (no ring)

@: gold aura
A: almost no armour, amphibious, 8 rings, camouflage 1, gelatinous body 1,
(nimble swimmer 1), tentacles
a: Renounce Religion, Potion Petition, Call Merchant, Bribe Branch


You were on level 4 of the Dungeon.
You worshipped Gozag.
Gozag was aware of your devotion.
You visited 1 branch of the dungeon, and saw 4 of its levels.

You collected 245 gold pieces.
You paid 44 gold pieces to Gozag.

Inventory:

Hand Weapons
 a - a +2 dagger
 m - a +1 rapier of venom (weapon)
Missiles
 b - 7 poisoned darts (quivered)
 c - 2 curare-tipped darts
 j - 10 sling bullets
 k - 5 boomerangs
Jewellery
 i - a +6 ring of strength (left tentacle)
 p - a +6 ring of strength (right tentacle)
Scrolls
 d - 2 scrolls of identify {unknown}
 e - a scroll of noise {unknown}
 f - 3 scrolls of enchant weapon {unknown}
 n - a scroll of holy word {unknown}
 o - 2 scrolls of blinking {unknown}
 q - 2 scrolls of teleportation {unknown}
 s - a scroll of torment {unknown}
Potions
 g - a potion of heal wounds {unknown}
 h - 2 potions of degeneration {unknown}
 l - a potion of might {unknown}
 r - a potion of brilliance {unknown}


   Skills:
 + Level 2.8 Fighting
 + Level 3.3 Short Blades
 + Level 2.4 Throwing
 + Level 2.1 Dodging
 + Level 8.3 Stealth


You had 5 spell levels left.
You didn't know any spells.
Your spell library was empty.

Dungeon Overview and Level Annotations

Branches:
Dungeon (4/15)             Temple (0/1) D:4

Altars:
Gozag

Shops:
D:2 *


Innate Abilities, Weirdness & Mutations

You cannot wear most types of armour.
You are amphibious.
You can wear up to eight rings at the same time.
Your skin changes colour to match your surroundings (Stealth+).
Your rubbery body absorbs attacks. (AC +1, EV +1)
((You are camouflaged when in or above water. (Stealth+)))
You have tentacles for arms and can constrict up to eight enemies at once.


Message History

You hit the black bear. Your grab misses the black bear.
You squeeze the black bear.
The black bear is moderately wounded.
The black bear bites you. The black bear claws you.
The black bear claws you but does no damage.
You barely miss the black bear. You grab the black bear.
The black bear is moderately wounded.
You constrict the black bear. The black bear bites you.
The black bear claws you. x2
You release your grip on the black bear.
The black bear looks more healthy.
You hit the black bear. Your grab misses the black bear.
The black bear is heavily wounded.
The black bear bites you. The black bear barely misses you. x2
Throw: 9 darts (poison)
Press: ? - help, Q - select action, (/) - cycle Shift-Dir - straight line, f/p - black bear
Aim: a black bear (heavily wounded, 68% to hit)
You throw a poisoned dart. The poisoned dart hits the black bear.
The black bear is poisoned.
The black bear is heavily wounded.
The black bear closely misses you. The black bear claws you.
The black bear closely misses you.
The black bear looks more healthy.
The black bear goes berserk!
Throw: 8 darts (poison)
Press: ? - help, Q - select action, (/) - cycle Shift-Dir - straight line, f/p - black bear
Aim: a black bear (severely wounded, berserk, 68% to hit)
You throw a poisoned dart. The poisoned dart hits the black bear.
The black bear is poisoned.
The black bear is severely wounded.
The black bear bites you. The black bear claws you.
* * * LOW HITPOINT WARNING * * *
The black bear claws you.
* * * LOW HITPOINT WARNING * * *
The black bear bites you but does no damage.
The black bear barely misses you.
The black bear claws you but does no damage.
There is a stone staircase leading up here.
The black bear closely misses you. x2; The black bear claws you.
You die...
Your body crumbles into a pile of gold.

# #.....#.#...# #.#........
######.#####.#...+ #.########.
.....#.#####.#...######.#........
.....#.....#.#.)..(.....#.#.....#
...............#.########.#......
...........#.#.#.## ......#.8.#.
####..###.........# #..#.#.....#
# #..# #.###...h<# #..#..8.>.8. #
#..# #.###...@.# ##..##..(...# #
#..# #..[...#.## #...####.8.## #
#..# #...####.# #.#......#... ##
#..# #...# #.# #.#######..). .#
#.># #...# #.# #.# #)### .#
#..###...####.# #.#######.# #
.###.............# #......##.# #
.....####...#######.#.......#.# #
#######.............#......)#.# #


You could see a black bear (berserk, poisoned).

Vanquished Creatures
  An ogre (D:4)
  A scorpion (D:4)
  Jessica (D:2)
  A hound skeleton (D:4)
  4 adders
  4 dart slugs
  2 orcs
  6 endoplasms
  3 giant cockroaches
  6 goblins
  5 hobgoblins
  6 jackals
  6 quokkas
  6 ball pythons
  5 bats
  5 frilled lizards
  11 kobolds
  9 rats
82 creatures vanquished.

Notes
Turn   | Place    | Note
-------+----------+-------------------------------------------
     0 | D:1      | Akaron the Octopode Brigand began the quest for the Orb.
     0 | D:1      | Reached XP level 1. HP: 14/14 MP: 1/1
   315 | D:1      | Reached XP level 2. HP: 18/19 MP: 2/2
   456 | D:1      | Reached skill level 6 in Stealth
   700 | D:1      | Reached XP level 3. HP: 10/24 MP: 3/3
  1206 | D:2      | Found a faded altar of an unknown god.
  1420 | D:2      | Reached XP level 4. HP: 29/29 MP: 4/4
  1459 | D:2      | Noticed Jessica
  1463 | D:2      | Killed Jessica
  1464 | D:2      | Reached skill level 7 in Stealth
  1467 | D:2      | Found Duetin's General Store.
  2250 | D:3      | Reached XP level 5. HP: 12/35 MP: 5/5
  3049 | D:3      | Found an opulent altar of Gozag.
  3060 | D:3      | Became a worshipper of Gozag Ym Sagoz the Greedy
  3256 | D:4      | Noticed a black bear
  3256 | D:4      | Noticed an ogre
  3317 | D:4      | Found a staircase to the Ecumenical Temple.
  3770 | D:4      | Reached skill level 8 in Stealth
  4015 | D:4      | Killed an ogre
  4016 | D:4      | Reached XP level 6. HP: 41/41 MP: 6/6
  4045 | D:4      | Slain by a black bear

Illustrated notes

Levels and vault maps discovered:
D:1:      lightli_arrival_isolated_outpost, layout_basic
D:2:      layout_basic, shapermc_ecumenical_altar_pompeii, serial_shops, shop,
          uniq_jessica
D:3:      layout_basic, lemuel_crystal_altar
D:4:      layout_basic, marbit_many_paths, minmay_temple_entry_statues_pillars,
          nrook_campfire, nicolae_figureground_sparkle

Skill      XL: |  1  2  3  4  5 |
---------------+----------------+-----
Stealth        | 6 7 8 |  8.3
Dodging        | 2 |  2.1
Short Blades   | 3 |  3.3
Fighting       | |  2.8
Throwing       | |  2.4

Action                   |  1- 3 |  4- 6 || total
-------------------------+-------+-------++-------
Melee: Dagger            |    67 |    29 ||    96
       Tentacles         |    12 |    14 ||    26
       Constrict         |    18 |    22 ||    40
       Punch             |     2 |       ||     2
       Rapier            |       |    52 ||    52
Throw: Dart              |       |    11 ||    11
 Stab: Sleeping          |     8 |    12 ||    20
       Distracted        |     1 |       ||     1
Armor: Skin              |     2 |     5 ||     7
Dodge: Dodged            |    32 |    47 ||    79
